 Dungeon Crawl Stone Soup version 0.24-a0-500-g46574c2197 (webtiles) character file.

Game seed: 11333515984567853975

255 tilp the Gusty (level 6, -11/35 HPs)
             Began as a Tengu Air Elementalist on July 15, 2019.
             Mangled by Duvessa
             ... wielding a +0 rapier
              (12 damage)
             ... on level 4 of the Dungeon.
             The game lasted 00:15:44 (3858 turns).

tilp the Gusty (Tengu Air Elementalist)             Turns: 3858, Time: 00:15:44

Health: -11/35     AC:  3    Str:  8    XL:     6   Next: 15%
Magic:  1/13       EV: 14    Int: 22    God:
Gold:   200        SH:  0    Dex: 15    Spells: 3/13 levels left

rFire    . . .     SeeInvis .   a - +0 dagger
rCold    . . .     Gourm    .   (no shield)
rNeg     . . .     Faith    .   l - +0 leather armour
rPois    .         Spirit   .   (helmet restricted)
rElec    .         Reflect  .   (no cloak)
rCorr    .         Harm     .   (no gloves)
MR       .....                  (boots unavailable)
Stlth    ++........             (no amulet)
HPRegen  0.11/turn              (no ring)
MPRegen  0.13/turn              (no ring)

@: brilliant, swift, flying quickly and evasively, lightly drained, very quick
A: beak, talons 3, able to fly
a: Stop Flying


You were on level 4 of the Dungeon.
You were hungry.

You visited 1 branch of the dungeon, and saw 4 of its levels.

You collected 200 gold pieces.

Inventory:

Hand Weapons
 a - a +0 dagger (weapon)
Missiles
 h - 115 stones (quivered)
 p - a throwing net
Armour
 l - a +0 leather armour (worn)
Scrolls
 g - a scroll of remove curse
 i - a scroll of immolation
 k - a scroll of amnesia
Potions
 e - 2 potions of might
 j - a potion of heal wounds
 n - a potion of haste
 o - a potion of agility {unknown}
Comestibles
 c - 10 rations
 d - a chunk of flesh


   Skills:
 + Level 2.2(2.0) Fighting
 - Level 2.1(1.9) Dodging
 - Level 2.0(1.7) Stealth
 - Level 4.2(4.0) Spellcasting
 - Level 1.3(1.1) Conjurations
 - Level 6.0(5.7) Air Magic


You had 3 spell levels left.
You knew the following spells:

 Your Spells              Type           Power        Failure   Level  Hunger
a - Shock                 Conj/Air       ####         1%          1    None
b - Swiftness             Chrm/Air       ####....     1%          2    #......
c - Static Discharge      Conj/Air       ####....     1%          3    ###....
d - Airstrike             Air            #####.....   1%          4    ####...

Your spell library contained the following spells:

 Spells                   Type           Power        Failure   Level  Hunger
 Corona                   Hex            ###....      1%          1    None
 Ensorcelled Hibernation  Hex/Ice        ###...       3%          2    #......
 Dazzling Spray           Conj/Hex       ###...       4%          3    ###....
 Confuse                  Hex            ###.....     5%          3    ###....
 Tukima's Dance           Hex            ###.....     5%          3    ###....
 Lightning Bolt           Conj/Air       ####......   12%         5    ######.


Dungeon Overview and Level Annotations

Branches:
Dungeon (4/15)
 Temple: D:4-7

Altars:
Cheibriados
Kikubaaqudgha
Ru
Yredelemnul

Annotations:
D:3 2 runed translucent doors, vurker's ghost, amateur GrEE
D:4 Dowan; Duvessa


Innate Abilities, Weirdness & Mutations

You have a beak for a mouth.
You have claws for feet.
You can fly continuously.


Message History

Duvessa closely misses you.
Dowan points at Duvessa and mumbles some strange words.
Duvessa seems to speed up.
Duvessa barely misses you. Duvessa hits you with a +0 rapier.
Casting: Static Discharge (safe; 1% risk of failure)
Confirm with . or Enter, or press ? or * to list all spells.
You feel quick.
Dowan gestures wildly while chanting.
Dowan blinks!
Duvessa hits you with a +0 rapier. Dowan hits you but does no damage.
You feel drained.
You hit Dowan but do no damage. Duvessa hits you with a +0 rapier!
* * * LOW HITPOINT WARNING * * *
Dowan barely misses you.
You closely miss Dowan. Duvessa hits you with a +0 rapier.
* * * LOW HITPOINT WARNING * * *
Dowan gestures wildly while chanting.
Dowan blinks!
Duvessa barely misses you. Duvessa hits you with a +0 rapier!
You die...

,,.##* *,,, ,,,..#** *,,,
,,,*...* ###*,,, ,,<**#.#*
########.#**** ,,,* #..#########
#.,** ##...†..#.## ,,.......,,*
#..#####.##### ,,.##...#*,**
*****#.^...........
**********,,**#......######.#####
******,,*#.#.#### *,,..#
*,,,,,,,*,..,* ***,*###


You could see Duvessa, an ogre and Dowan.

Vanquished Creatures
  An orc priest (D:3)
  5 gnolls
  8 adders
  3 oozes
  A worm (D:2)
  2 dart slugs (D:1)
  3 leopard geckos
  8 orcs (D:3)
  3 ball pythons
  10 bats
  3 giant cockroaches
  8 goblins
  8 hobgoblins
  4 jackals (D:4)
  3 kobolds
  A quokka (D:2)
  3 frilled lizards
  6 rats
80 creatures vanquished.

Notes
Turn   | Place    | Note
-------+----------+-------------------------------------------
     0 | D:1      | tilp the Tengu Air Elementalist began the quest for the
                  | Orb.
     0 | D:1      | Reached XP level 1. HP: 10/10 MP: 4/4
   401 | D:1      | Reached XP level 2. HP: 10/15 MP: 3/6
   607 | D:1      | Reached skill level 5 in Air Magic
   871 | D:1      | Reached XP level 3. HP: 19/19 MP: 7/7
  1214 | D:2      | Reached skill level 6 in Air Magic
  1218 | D:2      | Learned a level 2 spell: Swiftness
  1222 | D:2      | Learned a level 3 spell: Static Discharge
  1385 | D:2      | Reached XP level 4. HP: 23/24 MP: 5/8
  1538 | D:2      | Found a snail-covered altar of Cheibriados.
  1539 | D:2      | Found an ancient bone altar of Kikubaaqudgha.
  1539 | D:2      | Found a basalt altar of Yredelemnul.
  1595 | D:2      | Found a sacrificial altar of Ru.
  2304 | D:3      | Gained mutation: You can fly continuously. [Tengu growth]
  2304 | D:3      | Reached XP level 5. HP: 14/28 MP: 2/11
  2797 | D:3      | Found a runed translucent door.
  2800 | D:3      | Noticed vurker's ghost (amateur GrEE)
  2953 | D:3      | Reached skill level 1 in Fighting
  3248 | D:3      | Found a runed translucent door.
  3432 | D:3      | Reached XP level 6. HP: 32/34 MP: 8/13
  3793 | D:3      | Learned a level 4 spell: Airstrike
  3831 | D:4      | Noticed Duvessa
  3834 | D:4      | Noticed Dowan
  3857 | D:4      | HP: 1/35 [Duvessa/+0 rapier (5)]
  3858 | D:4      | Mangled by Duvessa

Levels and vault maps discovered:
D:1:      lightli_arrival_isolated_outpost, layout_loops_ring
D:2:      layout_basic, nicolae_overflow_quartered_altars,
          minmay_misc_feat_cross, nrook_mini_vaults, hex_medium
D:3:      layout_basic, ebering_ghost_sewer_f
D:4:      layout_rooms, uniq_eustachio, uniq_duvessa

Skill      XL: |  1  2  3  4  5  6 |
---------------+-------------------+-----
Air Magic      | 5 6 |  6.0
Spellcasting   | 3 4 |  4.2
Fighting       | 1 2 |  2.2
Dodging        | |  2.1
Stealth        | |  2.0
Conjurations   | |  1.3

Action                   |  1- 3 |  4- 6 || total
-------------------------+-------+-------++-------
Melee: Dagger            |    11 |    18 ||    29
       Peck              |     2 |       ||     2
       Kick              |     1 |     4 ||     5
Throw: Stone             |     1 |       ||     1
 Cast: Shock             |    48 |    93 ||   141
       Static Discharge  |       |    10 ||    10
       Swiftness         |       |     1 ||     1
 Abil: Fly               |       |     1 ||     1
  Use: Scroll            |     2 |     8 ||    10
       Potion            |       |     1 ||     1
 Stab: Sleeping          |     1 |     2 ||     3
  Eat: Chunk             |     2 |     8 ||    10
Armor: Robe              |     1 |       ||     1
       Leather armour    |     2 |    15 ||    17
Dodge: Dodged            |    24 |    53 ||    77

Table legend:
 A = Non-vault XP
 B = Vault XP
 C = Vault XP percentage of total XP
 D = Non-vault monster count
 E = Vault monster count
 F = Vault count percentage of total count
                 A         B        C        D         E       F
            +---------+---------+-------+---------+---------+-------
      Total |     365 |       0 |   0.0 |      80 |       0 |   0.0
            +---------+---------+-------+---------+---------+-------
        D:1 |      45 |       0 |   0.0 |      22 |       0 |   0.0
        D:2 |     106 |       0 |   0.0 |      25 |       0 |   0.0
        D:3 |     179 |       0 |   0.0 |      27 |       0 |   0.0
        D:4 |      35 |       0 |   0.0 |       6 |       0 |   0.0
            +---------+---------+-------+---------+---------+-------
